TOP OF THE 1ST |
Windy City ThunderBolts batting - Pitching for New Jersey Devils : RHP Kenichi Usami
|
Pitching: RHP Kenichi Usami
|
|
Batting: RHB Joe Thomas
|
0-0: Ball 1-0: Foul Ball, location: 2F 1-1: Ball 2-1: SINGLE (Groundball, 6D, EV 96.2 MPH)
|
Batting: SHB Dan Strickland
|
0-0: Foul Ball, location: 2F 0-1: Swinging Strike 0-2: Ball 1-2: Strikes out swinging
|
Batting: RHB Paul Holland
|
0-0: Ball Joe Thomas is caught stealing 2nd base 2-4 1-0: Ground out 6-3 (Groundball, 56, EV 104.4 MPH)
|
Top of the 1st over - 0 runs, 1 hit, 0 errors, 0 left on base; Windy City 0 - New Jersey 0 |
BOTTOM OF THE 1ST |
New Jersey Devils batting - Pitching for Windy City ThunderBolts : RHP J.J. Donovan
|
Pitching: RHP J.J. Donovan
|
|
Batting: RHB Sergio Andrada
|
0-0: Ball 1-0: Ball 2-0: Foul Ball, location: 2F 2-1: Bunt for hit to 23 - play at first, batter OUT! 3-4
|
Batting: SHB Danny Tapia Jr.
|
0-0: Foul Ball, location: 2F 0-1: SINGLE (Flyball, 8RS, EV 95.6 MPH)
|
Batting: SHB Adonis Jones
|
0-0: Ball 1-0: Ball 2-0: Ball 3-0: Base on Balls Danny Tapia Jr. to second
|
Batting: SHB Ernesto Mazas
|
0-0: Fielders Choice at 2nd, U6 (Groundball, 4M, EV 85.6 MPH) Danny Tapia Jr. to third
|
Batting: RHB Oscar Ramirez
|
0-0: Called Strike 0-1: Called Strike 0-2: Ball 1-2: Fly out, F9 (Flyball, 9S, EV 87.5 MPH)
|
Bottom of the 1st over - 0 runs, 1 hit, 0 errors, 2 left on base; Windy City 0 - New Jersey 0 |
TOP OF THE 2ND |
Windy City ThunderBolts batting - Pitching for New Jersey Devils : RHP Kenichi Usami
|
Batting: RHB Bellchior Osuna
|
0-0: Called Strike 0-1: Foul Ball, location: 2F 0-2: Ball 1-2: Strikes out swinging
|
Batting: RHB Eddie Dimas
|
0-0: Ball 1-0: Foul Ball, location: 2F 1-1: Ball 2-1: Foul Ball, location: 2F 2-2: Foul Ball, location: 2F 2-2: Strikes out swinging
|
Pitching: LHP Bryce Anderson
|
|
Batting: RHB Donovan Deason
|
0-0: Foul Ball, location: 2F 0-1: Ball 1-1: Ball 2-1: Ball 3-1: Called Strike 3-2: Foul Ball, location: 2F 3-2: Base on Balls
|
Batting: RHB Klaus Brown
|
0-0: Ball 1-0: Ball 2-0: Ball 3-0: Called Strike 3-1: Base on Balls Donovan Deason to second
|
Batting: RHB Camillo Bonauiti
|
0-0: Called Strike 0-1: Called Strike 0-2: Strikes out swinging
|
Top of the 2nd over - 0 runs, 0 hits, 0 errors, 2 left on base; Windy City 0 - New Jersey 0 |
BOTTOM OF THE 2ND |
New Jersey Devils batting - Pitching for Windy City ThunderBolts : RHP J.J. Donovan
|
Batting: RHB Duk-yoon Park
|
0-0: Ball 1-0: Swinging Strike 1-1: Swinging Strike 1-2: Ball 2-2: Fly out, F7 (Flyball, 78M, EV 96.9 MPH)
|
Batting: LHB Matt Reynolds
|
0-0: Ball 1-0: Ground out 4-3 (Groundball, 4S, EV 83.1 MPH)
|
Batting: RHB Ted Hickey
|
0-0: Ground out 5-3 (Groundball, 56S, EV 70.0 MPH)
|
Bottom of the 2nd over - 0 runs, 0 hits, 0 errors, 0 left on base; Windy City 0 - New Jersey 0 |
TOP OF THE 3RD |
Windy City ThunderBolts batting - Pitching for New Jersey Devils : LHP Bryce Anderson
|
Batting: RHB Nhat Phong
|
0-0: SINGLE (Line Drive, 6M, EV 106.2 MPH)
|
Batting: RHB Joe Thomas
|
0-0: Called Strike 0-1: 2-RUN HOME RUN (Flyball, 7LD, EV 90.6 MPH), Distance : 337 ft
|
Batting: SHB Dan Strickland
|
0-0: Called Strike 0-1: Ball 1-1: Ball 2-1: Ball 3-1: Foul Ball, location: 2F 3-2: Foul Ball, location: 2F 3-2: Strikes out swinging
|
Batting: RHB Paul Holland
|
0-0: Ball 1-0: Ground out 5-3 (Groundball, 5L, EV 81.2 MPH)
|
Batting: RHB Bellchior Osuna
|
0-0: Foul Ball, location: 2F 0-1: Foul Ball, location: 2F 0-2: Foul Ball, location: 2F 0-2: Foul Ball, location: 2F 0-2: Hit by Pitch
|
Batting: RHB Eddie Dimas
|
0-0: Swinging Strike 0-1: Ball 1-1: Ball 2-1: Ball 3-1: Base on Balls Bellchior Osuna to second
|
Batting: RHB Donovan Deason
|
0-0: Called Strike 0-1: SINGLE (Line Drive, 9S, EV 105.6 MPH) Bellchior Osuna to third Eddie Dimas to second
|
Batting: RHB Klaus Brown
|
0-0: Called Strike 0-1: Called Strike 0-2: SINGLE (Line Drive, 6MD, EV 98.1 MPH) Bellchior Osuna scores Eddie Dimas to third Donovan Deason to second Runner from 3rd tries for Home, SAFE, throw by CF to home
|
Pitching: RHP Joachim Marot
|
|
Batting: RHB Camillo Bonauiti
|
0-0: Ball 1-0: Ball 2-0: Ball 3-0: Called Strike 3-1: Foul Ball, location: 2F 3-2: Fly out, F9 (Line Drive, 89M, EV 93.1 MPH)
|
Top of the 3rd over - 4 runs, 4 hits, 0 errors, 2 left on base; Windy City 4 - New Jersey 0 |
BOTTOM OF THE 3RD |
New Jersey Devils batting - Pitching for Windy City ThunderBolts : RHP J.J. Donovan
|
Batting: LHB Jason Miller
|
0-0: SOLO HOME RUN (Flyball, 78XD, EV 105.6 MPH), Distance : 418 ft
|
Batting: RHB Sergio Andrada
|
0-0: Called Strike 0-1: Ball 1-1: SINGLE (Groundball, 34D, EV 108.1 MPH)
|
Batting: SHB Danny Tapia Jr.
|
0-0: Called Strike 0-1: Ball 1-1: Swinging Strike 1-2: Ball 2-2: Strikes out looking
|
Batting: SHB Adonis Jones
|
0-0: Foul Ball, location: 2F 0-1: Ball 1-1: Foul Ball, location: 2F 1-2: Ball 2-2: Foul Ball, location: 2F 2-2: SINGLE (Groundball, 4MD, EV 96.9 MPH) Sergio Andrada to second Sergio Andrada to third
|
Batting: SHB Ernesto Mazas
|
0-0: Ball 1-0: Swinging Strike 1-1: Foul Ball, location: 2F 1-2: Foul Ball, location: 2F 1-2: Ball 2-2: Strikes out looking
|
Batting: RHB Oscar Ramirez
|
0-0: Ball 1-0: Foul Ball, location: 2F 1-1: Foul Ball, location: 2F 1-2: Foul Ball, location: 2F 1-2: Ball 2-2: Reached on error, E5 (Groundball, 56, EV 88.8 MPH) Sergio Andrada scores Adonis Jones to second
|
Batting: RHB Duk-yoon Park
|
0-0: Foul Ball, location: 2F 0-1: Swinging Strike 0-2: Ground out 1-3 (Groundball, 15S, EV 71.9 MPH)
|
Bottom of the 3rd over - 2 runs, 3 hits, 1 error, 2 left on base; Windy City 4 - New Jersey 2 |
TOP OF THE 4TH |
Windy City ThunderBolts batting - Pitching for New Jersey Devils : RHP Joachim Marot
|
Batting: RHB Nhat Phong
|
0-0: Foul Ball, location: 2F 0-1: Swinging Strike 0-2: Strikes out swinging
|
Batting: RHB Joe Thomas
|
0-0: Ball 1-0: Called Strike 1-1: Ball 2-1: Foul Ball, location: 2F 2-2: Strikes out looking
|
Batting: SHB Dan Strickland
|
0-0: Called Strike 0-1: Foul Ball, location: 2F 0-2: Ball 1-2: Strikes out swinging
|
Top of the 4th over - 0 runs, 0 hits, 0 errors, 0 left on base; Windy City 4 - New Jersey 2 |
BOTTOM OF THE 4TH |
New Jersey Devils batting - Pitching for Windy City ThunderBolts : RHP J.J. Donovan
|
Batting: LHB Matt Reynolds
|
0-0: Ball 1-0: Ball 2-0: Ball 3-0: Called Strike 3-1: Base on Balls
|
Batting: RHB Ted Hickey
|
0-0: Swinging Strike 0-1: Called Strike 0-2: Strikes out looking
|
Batting: LHB Jason Miller
|
0-0: Ball 1-0: Foul Ball, location: 2F 1-1: Foul Ball, location: 2F 1-2: 2-RUN HOME RUN (Flyball, 7D, EV 98.8 MPH), Distance : 366 ft
|
Batting: RHB Sergio Andrada
|
0-0: SINGLE (Line Drive, 9S, EV 93.8 MPH)
|
Batting: SHB Danny Tapia Jr.
|
0-0: Swinging Strike 0-1: Foul Ball, location: 2F 0-2: Strikes out looking
|
Batting: SHB Adonis Jones
|
0-0: Ball Sergio Andrada steals 2nd base 1-0: Ball 2-0: Foul Ball, location: 2F 2-1: Foul Ball, location: 2F 2-2: Foul Ball, location: 2F 2-2: Ball 3-2: Foul Ball, location: 2F 3-2: Ground out 6-3 (Groundball, 6, EV 100.6 MPH)
|
Bottom of the 4th over - 2 runs, 2 hits, 0 errors, 1 left on base; Windy City 4 - New Jersey 4 |
TOP OF THE 5TH |
Windy City ThunderBolts batting - Pitching for New Jersey Devils : RHP Joachim Marot
|
Batting: RHB Paul Holland
|
0-0: Ball 1-0: Ball 2-0: Fly out, F8 (Flyball, 8RM, EV 83.1 MPH)
|
Batting: RHB Bellchior Osuna
|
0-0: Called Strike 0-1: Ball 1-1: Ball 2-1: Foul Ball, location: 2F 2-2: Foul Ball, location: 2F 2-2: Strikes out swinging
|
Batting: RHB Eddie Dimas
|
0-0: Ball 1-0: Called Strike 1-1: Foul Ball, location: 2F 1-2: Ball 2-2: Ball 3-2: Fly out, F9 (Line Drive, 89XD, EV 89.4 MPH)
|
Top of the 5th over - 0 runs, 0 hits, 0 errors, 0 left on base; Windy City 4 - New Jersey 4 |
BOTTOM OF THE 5TH |
New Jersey Devils batting - Pitching for Windy City ThunderBolts : RHP J.J. Donovan
|
Batting: SHB Ernesto Mazas
|
0-0: Ball 1-0: Foul Ball, location: 2F 1-1: Ball 2-1: Foul Ball, location: 2F 2-2: Strikes out swinging, 2-3 out at first.
|
Batting: RHB Oscar Ramirez
|
0-0: Fly out, F8 (Flyball, 8LD, EV 92.5 MPH)
|
Batting: RHB Duk-yoon Park
|
0-0: Ball 1-0: Ball 2-0: Foul Ball, location: 2F 2-1: Ball 3-1: Foul Ball, location: 2F 3-2: Foul Ball, location: 2F 3-2: Base on Balls
|
Batting: LHB Matt Reynolds
|
0-0: Called Strike 0-1: Ball 1-1: Ground out U3 (Groundball, 3L, EV 103.8 MPH)
|
Bottom of the 5th over - 0 runs, 0 hits, 0 errors, 1 left on base; Windy City 4 - New Jersey 4 |
TOP OF THE 6TH |
Windy City ThunderBolts batting - Pitching for New Jersey Devils : RHP Joachim Marot
|
Pitching: RHP Mike Echegoyen
|
|
Batting: RHB Donovan Deason
|
0-0: Ball 1-0: Ball 2-0: Swinging Strike 2-1: Ball 3-1: Foul Ball, location: 2F 3-2: Foul Ball, location: 2F 3-2: Strikes out swinging
|
Batting: RHB Klaus Brown
|
0-0: Ball 1-0: Foul Ball, location: 2F 1-1: Ball 2-1: Foul Ball, location: 2F 2-2: Fly out, F7 (Flyball, 7S, EV 85.0 MPH)
|
Batting: RHB Camillo Bonauiti
|
0-0: Called Strike 0-1: Ball 1-1: Ball 2-1: Swinging Strike 2-2: Strikes out looking
|
Top of the 6th over - 0 runs, 0 hits, 0 errors, 0 left on base; Windy City 4 - New Jersey 4 |
BOTTOM OF THE 6TH |
New Jersey Devils batting - Pitching for Windy City ThunderBolts : RHP J.J. Donovan
|
Batting: RHB Ted Hickey
|
0-0: Called Strike 0-1: Swinging Strike 0-2: Foul Ball, location: 2F 0-2: Ball 1-2: Foul Ball, location: 2F 1-2: Foul Ball, location: 2F 1-2: Ball 2-2: Strikes out swinging
|
Batting: LHB Jason Miller
|
0-0: Ball 1-0: Called Strike 1-1: Ground out 6-3 (Groundball, 6M, EV 103.1 MPH)
|
Batting: RHB Sergio Andrada
|
0-0: SINGLE (Line Drive, 89S, EV 91.9 MPH)
|
Batting: SHB Danny Tapia Jr.
|
0-0: Ball 1-0: Ball 2-0: Called Strike 2-1: Foul Ball, location: 2F 2-2: Strikes out swinging
|
Bottom of the 6th over - 0 runs, 1 hit, 0 errors, 1 left on base; Windy City 4 - New Jersey 4 |
TOP OF THE 7TH |
Windy City ThunderBolts batting - Pitching for New Jersey Devils : RHP Mike Echegoyen
|
Batting: RHB Nhat Phong
|
0-0: Swinging Strike 0-1: Swinging Strike 0-2: Ball 1-2: Strikes out swinging
|
Batting: RHB Joe Thomas
|
0-0: Called Strike 0-1: Ball 1-1: Ball 2-1: Foul Ball, location: 2F 2-2: Fly out, F7 (Flyball, 78S, EV 88.8 MPH)
|
Batting: SHB Dan Strickland
|
0-0: DOUBLE (Line Drive, 78M, EV 96.9 MPH)
|
Batting: RHB Paul Holland
|
0-0: Foul Ball, location: 2F 0-1: Ball 1-1: Called Strike 1-2: Foul Ball, location: 2F 1-2: Ball 2-2: Ball 3-2: Base on Balls
|
Pitching: LHP Archie Creelman
|
|
Batting: RHB Bellchior Osuna
|
0-0: Called Strike 0-1: Fly out, F8 (Flyball, 78M, EV 86.9 MPH)
|
Top of the 7th over - 0 runs, 1 hit, 0 errors, 2 left on base; Windy City 4 - New Jersey 4 |
BOTTOM OF THE 7TH |
New Jersey Devils batting - Pitching for Windy City ThunderBolts : RHP J.J. Donovan
|
Pitching: RHP Jesse Kuhlman
|
|
Batting: SHB Adonis Jones
|
0-0: Foul Ball, location: 2F 0-1: Called Strike 0-2: Ball 1-2: Foul Ball, location: 2F 1-2: Ball 2-2: Ball 3-2: SOLO HOME RUN (Flyball, 89XD, EV 109.4 MPH), Distance : 409 ft
|
Batting: SHB Ernesto Mazas
|
0-0: Called Strike 0-1: Foul Ball, location: 2F 0-2: Ball 1-2: Ball 2-2: Strikes out looking
|
Batting: RHB Oscar Ramirez
|
0-0: Called Strike 0-1: Swinging Strike 0-2: Foul Ball, location: 2F 0-2: Ground out 6-3 (Groundball, 6, EV 100.6 MPH)
|
Batting: RHB Duk-yoon Park
|
0-0: SINGLE (Groundball, 6MD, EV 97.5 MPH)
|
Batting: LHB Matt Reynolds
|
0-0: Ball 1-0: Called Strike 1-1: Foul Ball, location: 2F 1-2: Ball 2-2: Strikes out swinging
|
Bottom of the 7th over - 1 run, 2 hits, 0 errors, 1 left on base; Windy City 4 - New Jersey 5 |
TOP OF THE 8TH |
Windy City ThunderBolts batting - Pitching for New Jersey Devils : LHP Archie Creelman
|
Batting: RHB Eddie Dimas
|
0-0: Ball 1-0: Ground out 5-3 (Groundball, 5, EV 81.2 MPH)
|
Batting: RHB Donovan Deason
|
0-0: Ball 1-0: Called Strike 1-1: Fly out, F7 (Line Drive, 7, EV 91.9 MPH)
|
Batting: RHB Klaus Brown
|
0-0: Ball 1-0: Fly out, F8 (Line Drive, 8LD, EV 89.4 MPH)
|
Top of the 8th over - 0 runs, 0 hits, 0 errors, 0 left on base; Windy City 4 - New Jersey 5 |
BOTTOM OF THE 8TH |
New Jersey Devils batting - Pitching for Windy City ThunderBolts : RHP Jesse Kuhlman
|
Batting: RHB Ted Hickey
|
0-0: SINGLE (Line Drive, 78S, EV 105.6 MPH)
|
Batting: LHB Jason Miller
|
0-0: Foul Ball, location: 2F 0-1: SINGLE (Line Drive, 8LS, EV 99.4 MPH) Ted Hickey to second
|
Batting: RHB Sergio Andrada
|
0-0: Ball 1-0: Reached on error, E5 (Groundball, 25, EV 43.8 MPH) Ted Hickey scores Jason Miller to third
|
Pitching: RHP Eddie Mireles
|
|
Batting: SHB Danny Tapia Jr.
|
0-0: Ball 1-0: Fly out, F8 (Flyball, 8RXD, EV 101.2 MPH) Runner from 3rd tags up, SCORES, no throw by CF Sergio Andrada to third
|
Batting: SHB Adonis Jones
|
0-0: Called Strike 0-1: Swinging Strike 0-2: Ball 1-2: Foul Ball, location: 2F 1-2: Ball 2-2: Foul Ball, location: 2F 2-2: Fly out, F8 (Flyball, 8LM, EV 93.1 MPH)
|
Batting: SHB Ernesto Mazas
|
0-0: Swinging Strike 0-1: Foul Ball, location: 2F 0-2: Strikes out swinging
|
Bottom of the 8th over - 2 runs, 2 hits, 1 error, 1 left on base; Windy City 4 - New Jersey 7 |
TOP OF THE 9TH |
Windy City ThunderBolts batting - Pitching for New Jersey Devils : LHP Archie Creelman
|
Pitching: RHP Andy Corcoran
|
|
Batting: RHB Camillo Bonauiti
|
0-0: Called Strike 0-1: Called Strike 0-2: Ball 1-2: Ball 2-2: Strikes out swinging
|
Batting: RHB Nhat Phong
|
0-0: Foul Ball, location: 2F 0-1: Swinging Strike 0-2: Foul Ball, location: 2F 0-2: Ball 1-2: Foul Ball, location: 2F 1-2: Strikes out looking
|
Batting: RHB Joe Thomas
|
0-0: Called Strike 0-1: Ball 1-1: Ball 2-1: Swinging Strike 2-2: Foul Ball, location: 2F 2-2: Strikes out swinging
|
Top of the 9th over - 0 runs, 0 hits, 0 errors, 0 left on base; Windy City 4 - New Jersey 7 |
|